AoeStats
← Agamemnon

Arabia

504562813Analyzed
2v2 RM · 27d ago on Sep 5, 2026· 24m 52s· 4 players
Game mode
Random Map
Map size
Medium (4 player)
Population
200
Speed
Normal
Resources
Standard
Victory
Conquest
Starting age
Dark Age
Ending age
Imperial Age
RankedLock teamsTeams togetherTeam positionsShared explorationLock speedFull tech treeHidden civsTurbo modeCheats
Victory
Defeat
🇺🇸 Poles · United States
873
+17
🇺🇸 Sicilians · United States
859
+17
🇰🇿 Burgundians · Kazakhstan
898
-17
🇰🇿 Romans · Kazakhstan
891
-17
jkulik11
2:57 Loom
10:32 Feudal Age
11:05 Double-Bit Axe
12:57 Horse Collar
19:38 Forging
21:07 Fletching
Profucius9933
12:32 Feudal Age
13:05 Double-Bit Axe
13:12 Horse Collar
18:11 Bloodlines
21:16 Castle Age
20:36 Forging
20:43 Bloodlines
22:00 Light Cavalry
23:06 Husbandry
farrightmysticism
7:31 Loom
10:46 Feudal Age
21:55 Castle Age
Agamemnon
8:21 Loom
10:14 Feudal Age
11:00 Double-Bit Axe
10:58 Horse Collar
13:27 Man-at-Arms
22:27 Gold Mining
Connection lost

Rejoining the realm…

Still unreachable

The connection could not be restored.

Session expired

The server has moved on; the page needs a fresh start.